AoeStats
← Ultraman SEVEN

QS Arena

503628545Analyzed
2v2 RM · 29d ago on Sep 1, 2026· 22m 37s· 4 players
Game mode
Random Map
Map size
Medium (4 player)
Population
200
Speed
Normal
Resources
Standard
Victory
Conquest
Starting age
Dark Age
Ending age
Imperial Age
RankedLock teamsTeams togetherTeam positionsShared explorationLock speedFull tech treeHidden civsTurbo modeCheats
Victory
Defeat
🇦🇷 Celts · Argentina
889
+12
🇨🇳 Sicilians · China
844
+14
🇨🇦 Japanese · Canada
813
-14
🇨🇦 Persians · Canada
799
-13
Ultraman SEVEN
7:10 Feudal Age
7:35 Horse Collar
7:43 Double-Bit Axe
15:34 Castle Age
15:45 Scale Mail Armor
17:11 Stone Mining
18:08 Gold Mining
19:35 Forging
20:30 Chain Mail Armor
alcalyx93
0:26 Loom
8:40 Feudal Age
13:00 Castle Age
11:27 Horse Collar
11:45 Double-Bit Axe
19:11 Wheelbarrow
18:50 Bow Saw
20:40 Hand Cart
20:33 Town Watch
21:24 Stone Mining
22:36 Heavy Plow
23:33 Stone Shaft Mining
22:51 Gold Mining
Kwasnica
9:53 Feudal Age
15:11 Castle Age
14:00 Stone Mining
14:23 Double-Bit Axe
14:45 Horse Collar
16:40 Bow Saw
19:43 Man-at-Arms
21:13 Squires
22:19 Wheelbarrow
22:25 Forging
22:31 Scale Mail Armor
22:31 Long Swordsman
Vinnyloot
7:24 Feudal Age
15:27 Castle Age
17:59 Wheelbarrow
17:10 Town Watch
18:04 Double-Bit Axe
18:01 Horse Collar
Connection lost

Rejoining the realm…

Still unreachable

The connection could not be restored.

Session expired

The server has moved on; the page needs a fresh start.